 Dungeon Crawl Stone Soup version 0.27-a0-1186-g8b4daa1eef (webtiles) character file.

Game seed: 1283331524625953186

76593 Armakuni the Exorcist (level 16, 0/122 HPs)
             Began as a Human Wanderer on May 18, 2021.
             Was an Elder of the Shining One.
             Slain by an orc warrior
             ... wielding a +0 glaive
             ... led by Saint Roka
              (20 damage)
             ... on level 2 of the Orcish Mines on May 19, 2021.
             The game lasted 01:19:13 (27146 turns).

Armakuni the Exorcist (Human Wanderer)             Turns: 27146, Time: 01:19:13

Health: 0/122      AC: 23    Str: 25    XL:     16   Next: 2%
Magic:  5/25       EV: 14    Int: 23    God:    the Shining One [****..]
Gold:   935        SH: 16    Dex: 13    Spells: 6/19 levels left

rFire    + . .     SeeInvis +   a - +8 flail of Reehaq {vorpal, Str+8}
rCold    . . .     Faith    .   o - +0 buckler
rNeg     + + .     Spirit   .   s - +6 acid dragon scales
rPois    +         Reflect  .   g - +3 crown of Dyrovepreva {rElec Int+2 SInv}
rElec    +         Harm     .   C - +2 cloak {rCorr}
rCorr    +         Rampage  +   (no gloves)
Will     ++...                  B - +2 pair of boots {rampage}
Stlth    +.........             M - amulet of magic regeneration
HPRegen  0.30/turn              P - ring "Boicum" {rPois rF+ Will+}
MPRegen  0.44/turn              I - +6 ring of intelligence

@: divinely shielded, very slightly contaminated, glowing
A: no striking features
a: Renounce Religion, Divine Shield, Cleansing Flame


You were on level 2 of the Orcish Mines.
You worshipped the Shining One.
The Shining One was greatly pleased with you.
You visited 4 branches of the dungeon, and saw 18 of its levels.
You visited the Abyss 1 time.
You visited 1 bazaar.

You collected 2498 gold pieces.
You spent 1563 gold pieces at shops.

Inventory:

Hand Weapons
 a - the +8 flail of Reehaq (weapon) {vorpal, Str+8}
   (You found it on level 6 of the Dungeon)

   It inflicts extra damage upon your enemies.
   It affects your strength (+8).
 m - a +3 antimagic demon trident
Missiles
 i - 10 boomerangs of dispersal
 x - 2 throwing nets
Armour
 g - the +3 crown of Dyrovepreva (worn) {rElec Int+2 SInv}
   (You found it on level 5 of the Lair of Beasts)

   It affects your intelligence (+2).
   It insulates you from electricity.
   It lets you see invisible.
 o - a +0 buckler (worn)
 s - +6 acid dragon scales (worn)
 B - a +2 pair of boots of rampaging (worn)
 C - a +2 cloak of preservation (worn)
Magical Staves
 b - a staff of conjuration
Jewellery
 I - a +6 ring of intelligence (right hand)
 L - a ring of flight
 M - an amulet of magic regeneration (around neck)
 P - the ring "Boicum" (left hand) {rPois rF+ Will+}
   (You bought it in a shop in a bazaar)

   [ring of protection from fire]

   It protects you from fire.
   It protects you from poison.
   It increases your willpower.
Wands
 f - a wand of flame (71)
Scrolls
 c - 5 scrolls of identify
 d - a scroll of immolation
 j - 2 scrolls of silence
 k - 2 scrolls of vulnerability
 p - 2 scrolls of teleportation
 q - 4 scrolls of noise
 r - 3 scrolls of magic mapping
 u - 5 scrolls of amnesia
 w - 2 scrolls of blinking
 y - a scroll of fog
 A - a scroll of fear
 E - a scroll of brand weapon
Potions
 e - 2 potions of curing
 h - 2 potions of magic
 t - 3 potions of lignification
 v - 3 potions of brilliance
 z - 2 potions of heal wounds
Miscellaneous
 H - a piece from Xom's chessboard (15/15)


   Skills:
 - Level 10.1 Fighting
 - Level 6.0(9.5) Maces & Flails
 + Level 5.7(9.4) Polearms
 - Level 11.4(12.4) Staves
 - Level 1.0 Bows
 - Level 1.0 Throwing
 - Level 8.0 Armour
 - Level 7.0 Dodging
 - Level 4.0 Shields
 - Level 2.0 Spellcasting
 - Level 11.1 Conjurations
 - Level 12.2 Invocations
 - Level 10.0 Evocations


You had 6 spell levels left.
You knew the following spells:

 Your Spells              Type           Power      Damage    Failure   Level
a - Apportation           Tloc           4%         N/A       16%         1
h - Hailstorm             Conj/Ice       28%        3d8       16%         4
m - Iskenderun's Mystic   Conj/Tloc      28%        2d7       16%         4
w - Passwall              Tmut/Erth      1%         N/A       22%         2
z - Searing Ray           Conj           100%       3d7       1%          2

Your spell library contained the following spells:

 Spells                   Type           Power      Damage    Failure   Level
 Magic Dart               Conj           100%       1d8       1%          1
 Shock                    Conj/Air       100%       1d9       1%          1
 Static Discharge         Conj/Air       28%        N/A       2%          2
 Dazzling Flash           Conj/Hex       56%        N/A       4%          3
 Stone Arrow              Conj/Erth      56%        3d10      4%          3
 Iskenderun's Battlesphe  Conj           52%        2d10      4%          5
 Freeze                   Ice            8%         1d3       16%         1
 Sandblast                Erth           4%         2d4       16%         1
 Fulminant Prism          Conj/Hex       14%        3d9       16%         4
 Lightning Bolt           Conj/Air       14%        1d27      38%         5
 Confusing Touch          Hex            2%         N/A       41%         3
 Frozen Ramparts          Ice            4%         1d2       41%         3
 Gell's Gravitas          Tloc           1%         N/A       41%         3
 Lesser Beckoning         Tloc           1%         N/A       41%         3
 Ozocubu's Armour         Ice            2%         N/A       41%         3
 Swiftness                Air            2%         N/A       41%         3
 Tukima's Dance           Hex            2%         N/A       41%         3
 Bolt of Magma            Conj/Fire/Erth 9%         4d7       67%         5
 Airstrike                Air            1%         N/A       83%         4
 Petrify                  Tmut/Erth      2%         N/A       83%         4
 Iron Shot                Conj/Erth      14%        9d4       93%         6
 Alistair's Intoxication  Tmut/Pois      1%         N/A       99%         5
 Lee's Rapid Deconstruct  Erth           1%         3d5*      99%         5
 Metabolic Englaciation   Hex/Ice        1%         N/A       99%         5
 Yara's Violent Unravell  Hex/Tmut       1%         3d3       99%         5
 Invisibility             Hex            2%         N/A       100%        6
 Orb of Destruction       Conj           26%        9d10      78%         7
 Spellforged Servitor     Conj/Summ      14%        N/A       100%        7


Dungeon Overview and Level Annotations

Branches:
Dungeon (9/15)             Temple (1/1) D:5            Lair (6/6) D:9
  Swamp (0/4) Lair:3       Spider (0/4) Lair:3        Slime (0/5) Lair:5
    Orc (2/2) D:9             Elf (0/3) Orc:2

Altars:
Ashenzari
Cheibriados
Dithmenos
Elyvilon
Fedhas
Gozag
Hepliaklqana
Kikubaaqudgha
Makhleb
Nemelex Xobeh
Okawaru
Qazlal
Ru
Sif Muna
Trog
Uskayaw
Vehumet
Wu Jian
Xom
Yredelemnul
Zin
The Shining One

Portals:
Hell: Lair:6

Annotations:
Orc:1 2 transporters, bmj180's ghost, journeyman DrCj
Orc:2 Saint Roka


Message History

The centaur shoots an arrow.
You block the arrow.
Saint Roka roars a battlecry!
The orc warrior goes into a battle-frenzy!
The centaur shoots an arrow.
You block the arrow. You block the orc warrior's attack.
Saint Roka invokes the aid of Beogh against you.
Beogh smites you!
Things that are here:
a +0 mace; an orc corpse Really rampage into that cloud of flame? [Y]es or [N]o only, please.
Really rampage into that cloud of flame?
Okay, then.
Unknown command.
The centaur shoots an arrow.
You block the arrow.
You rampage towards the ogre!
The ogre hits you with a +0 giant club. The orc warrior misses you.
The ogre closely misses you. You block the orc warrior's attack.
Saint Roka is engulfed in blazing flames.
Flame seeps out of Saint Roka.
Saint Roka invokes the aid of Beogh against you.
Beogh smites you!
There is a stone staircase leading up, spattered with blood here.
Casting: Iskenderun's Mystic Blast (dangerous; 16% risk of failure)
Confirm with . or Enter, or press ? or * to list all spells.
You miscast Iskenderun's Mystic Blast.
You are very lightly contaminated with residual magic.
Nothing appears to happen.
You block the ogre's attack.
The centaur shoots an arrow.
The arrow hits you but does no damage. You block the ogre's attack.
The orc warrior hits you from afar with a +0 glaive!
* * * LOW HITPOINT WARNING * * *
Saint Roka hits you but does no damage. You partially resist.
Casting: Iskenderun's Mystic Blast (dangerous; 16% risk of failure)
Confirm with . or Enter, or press ? or * to list all spells.
You miscast Iskenderun's Mystic Blast.
You are blasted with magical energy.
* * * LOW HITPOINT WARNING * * *
The ogre hits you but does no damage.
The orc warrior hits you from afar with a +0 glaive!!
You die...

#.......#.....≈≈≈≈###
#....#..#......≈≈≈≈###
##.........)[....≈≈≈≈##
###.#..#..........≈≈≈#
#.....##..........≈≈#
##.....##..##..##...#
##.......(............
##.....................
####.....@O...............
##.#...#).oO○..[.....).....
#....)..co.).))............
#..#.#.....)...............
#...##....)#.°..#........#..
##. #.....)......#..o...[)#.
#................o.......
#.....................)..
#..............$$.....)..


You could see Saint Roka (inner flame), an orc warrior (strong), 2 ogres and a
centaur.

Vanquished Creatures
  Gastronok (Lair:1)
  A tentacled starspawn (Abyss:2)
  An orc warlord (Orc:1)
  The ghost of rigao the Grappler, a journeyman TrFi (Lair:2)
  Erolcha (Orc:2)
  6 hydras
  The ghost of Osasis the Basher, a journeyman VSFi of Qazlal (Lair:2)
  3 death yaks (Lair:6)
  Urug (Lair:1)
  2 thrashing horrors (Abyss:2)
  A wretched star (Abyss:2)
  A sixfirhy (Lair:6)
  3 bog bodies (Lair:3)
  A wizard (Lair:6)
  5 lindwurms (Lair:6)
  3 deep elf zephyrmancers (Orc:1)
  2 orc knights (Orc:2)
  5 deep elf pyromancers
  2 oklob plants (Lair:4)
  3 orc sorcerers
  An ugly thing (D:9)
  6 elephants
  A smoke demon (Abyss:2)
  4 black mambas
  2 torpor snails
  4 orange demons
  Maggie (D:6)
  15 cane toads
  Psyche (D:9)
  5 rime drakes
  A hellwing (Abyss:2)
  11 komodo dragons
  3 ice devils
  A tormentor (Abyss:2)
  An ancient zyme (Abyss:2)
  A tengu conjurer (D:8)
  A queen bee (D:9)
  A red devil (Lair:6)
  A troll (D:9)
  23 dream sheep
  2 polar bears
  2 raiju (Abyss:2)
  18 blink frogs
  A flying skull (Abyss:2)
  4 large abominations (Abyss:2)
  A redback (Lair:3)
  A ynoxinul (Abyss:2)
  3 wyverns
  A shadow (D:8)
  38 yaks
  2 basilisks
  2 steam dragons
  5 wargs
  A swamp worm (Lair:3)
  19 water moccasins
  4 hell hounds (Lair:6)
  2 ice beasts
  42 orc warriors
  4 sky beasts
  4 black bears
  2 necrophages
  15 wolves
  11 centaurs
  10 ogres
  2 phantoms (D:6)
  A kobold brigand (D:6)
  A wyvern zombie (D:9)
  15 bullfrogs
  A scorpion (D:6)
  A gnoll sergeant (D:7)
  4 small abominations (Abyss:2)
  4 water moccasin zombies (D:6)
  A wyvern skeleton (D:4)
  27 killer bees
  A howler monkey (D:6)
  An electric eel (Lair:3)
  3 centaur zombies
  A bullfrog zombie (D:6)
  2 iron imps (Abyss:2)
  5 hounds
  18 jellies
  13 orc priests
  Ijyb (D:3)
  A bullfrog skeleton (D:5)
  A centaur skeleton (D:6)
  A gnoll shaman (D:6)
  8 iguanas
  21 orc wizards
  7 hell rats (Lair:2)
  A killer bee zombie (D:6)
  A hound skeleton (D:4)
  A howler monkey zombie (D:5)
  8 gnolls
  10 adders
  13 river rats
  3 white imps
  2 dart slugs (D:1)
  77 orcs
  7 ball pythons
  10 endoplasms
  2 giant cockroaches
  6 goblins
  10 hobgoblins
  2 jackals (D:1)
  8 quokkas
  5 bats
  4 frilled lizards
  20 kobolds
  14 rats
667 creatures vanquished.

Vanquished Creatures (collateral kills)
  A bog body (Lair:3)
  2 oklob plants (Lair:4)
  A bullfrog (Lair:2)
  An iguana (Lair:1)
5 creatures vanquished.

Vanquished Creatures (others)
  An elephant (Lair:4)
  A smoke demon (Lair:6)
  2 komodo dragons
  A basilisk (Lair:4)
  An orc (D:4)
  40 fungi
  46 plants
  4 starspawn tentacles (Abyss:2)
96 creatures vanquished.

Grand Total: 768 creatures vanquished

Notes
Turn   | Place    | Note
-------+----------+-------------------------------------------
     0 | D:1      | Armakuni the Human Wanderer began the quest for the Orb.
     0 | D:1      | Armakuni set off with the following items: a +0 shortbow, a
                  | potion of lignification, a +2 scale mail, 25 arrows
     0 | D:1      | Reached XP level 1. HP: 19/19 MP: 1/1
   137 | D:1      | Reached XP level 2. HP: 26/26 MP: 2/2
   485 | D:1      | Reached XP level 3. HP: 29/31 MP: 3/3
  1199 | D:2      | Reached skill level 5 in Fighting
  1484 | D:2      | Found a faded altar of an unknown god.
  1519 | D:2      | Reached XP level 4. HP: 35/39 MP: 4/4
  2404 | D:3      | Noticed Ijyb
  2426 | D:3      | Killed Ijyb
  2427 | D:3      | Reached XP level 5. HP: 20/44 MP: 5/5
  2632 | D:4      | Noticed an ogre
  2698 | D:4      | Reached skill level 1 in Dodging
  2738 | D:4      | Noticed a necrophage
  2754 | D:4      | Killed a necrophage
  2755 | D:4      | Reached XP level 6. HP: 38/52 MP: 6/6
  3126 | D:4      | Reached XP level 7. HP: 18/59 MP: 7/7
  3855 | D:4      | Learned a level 2 spell: Searing Ray
  4101 | D:5      | Entered Level 5 of the Dungeon
  4271 | D:5      | Reached XP level 8. HP: 56/67 MP: 8/8
  4540 | D:5      | Found a hazy altar of Hepliaklqana.
  4540 | D:5      | Found a sacrificial altar of Ru.
  4546 | D:5      | Found a glowing silver altar of Zin.
  4615 | D:5      | Identified the +2 hand axe of Overwhelming Force {elec,
                  | *Corrode Int+4 Dex+2}
  4751 | D:5      | Reached skill level 5 in Armour
  5339 | D:5      | Found a staircase to the Ecumenical Temple.
  5351 | Temple   | Entered the Ecumenical Temple
  5725 | Temple   | Became a worshipper of the Shining One
  5850 | D:6      | Learned a level 4 spell: Iskenderun's Mystic Blast
  6125 | D:6      | Reached skill level 1 in Conjurations
  6291 | D:6      | Reached skill level 1 in Maces & Flails
  6307 | D:6      | Reached XP level 9. HP: 70/72 MP: 12/12
  6351 | D:6      | HP: 3/72 [killer bee zombie (5)]
  6821 | D:6      | Reached * piety under the Shining One
  6823 | D:6      | Noticed Maggie
  6858 | D:6      | Killed Maggie
  6898 | D:6      | Reached skill level 5 in Conjurations
  7229 | D:6      | Reached skill level 5 in Maces & Flails
  7342 | D:6      | Reached XP level 10. HP: 37/79 MP: 13/13
  8687 | D:6      | Reached ** piety under the Shining One
  8689 | D:6      | Noticed a komodo dragon
  8698 | D:6      | Killed a komodo dragon
  8707 | D:6      | Identified the +8 flail of Reehaq {vorpal, Str+8}
  8760 | D:6      | Learned a level 2 spell: Passwall
  8929 | D:6      | Identified a scroll of acquirement
  8929 | D:6      | Acquired a staff of conjuration
  9482 | D:7      | Found a runed translucent door.
  9483 | D:7      | Noticed Crazy Yiuf
  9565 | D:7      | Noticed Crazy Yiuf
  9565 | D:7      | Crazy Yiuf changed into Crazy Yiuf the steam dragon
  9569 | D:7      | Killed Crazy Yiuf the steam dragon
 10147 | D:8      | Found a broken altar of Ashenzari.
 10182 | D:8      | Learned a level 1 spell: Apportation
 10215 | D:8      | Reached skill level 10 in Conjurations
 10265 | D:8      | Reached skill level 1 in Staves
 10359 | D:8      | Reached XP level 11. HP: 81/84 MP: 14/14
 10736 | D:9      | Noticed a red ugly thing
 11100 | D:9      | Reached skill level 5 in Staves
 11278 | D:9      | Found a staircase to the Orcish Mines.
 11319 | D:9      | Found a staircase to the Lair.
 11433 | D:9      | Reached *** piety under the Shining One
 12634 | D:9      | Killed a red ugly thing
 12735 | Lair:1   | Entered Level 1 of the Lair of Beasts
 13340 | Lair:1   | Noticed Gastronok
 13358 | Lair:1   | Killed Gastronok
 13359 | Lair:1   | Reached skill level 10 in Staves
 13359 | Lair:1   | Reached XP level 12. HP: 91/91 MP: 2/15
 13552 | Lair:1   | Noticed a four-headed hydra
 13561 | Lair:1   | Killed a four-headed hydra
 13686 | Lair:1   | Noticed Urug
 13699 | Lair:1   | Killed Urug
 13936 | Lair:2   | Found a runed translucent gate.
 13936 | Lair:2   | Found a runed translucent gate.
 13936 | Lair:2   | Found a runed translucent gate.
 13942 | Lair:2   | Noticed rigao's ghost (journeyman TrFi)
 13942 | Lair:2   | Noticed Osasis's ghost (journeyman VSFi)
 14060 | Lair:2   | Reached skill level 1 in Invocations
 14063 | Lair:2   | Reached skill level 1 in Evocations
 14074 | Lair:2   | Reached skill level 2 in Invocations
 14466 | Lair:2   | Reached skill level 3 in Invocations
 14642 | Lair:2   | Reached skill level 4 in Invocations
 15010 | Lair:2   | Noticed a seven-headed hydra
 15011 | Lair:2   | Reached **** piety under the Shining One
 15135 | Lair:2   | Reached skill level 5 in Invocations
 15154 | Lair:2   | Reached skill level 5 in Evocations
 15158 | Lair:2   | Reached XP level 13. HP: 76/96 MP: 11/17
 15369 | Lair:2   | Noticed a seven-headed hydra
 15376 | Lair:2   | Killed a seven-headed hydra
 15377 | Lair:2   | Reached skill level 6 in Invocations
 15790 | Lair:2   | Killed a seven-headed hydra
 16303 | Lair:2   | Killed Osasis's ghost
 16304 | Lair:2   | Reached skill level 7 in Invocations
 16313 | Lair:2   | Killed rigao's ghost
 16661 | Lair:3   | Found a hole to the Spider Nest.
 16826 | Lair:3   | Reached skill level 8 in Invocations
 17048 | Lair:3   | Found a staircase to the Swamp.
 18819 | Lair:4   | Reached skill level 10 in Evocations
 19243 | Lair:4   | Reached XP level 14. HP: 93/103 MP: 20/20
 20010 | Lair:5   | Reached skill level 5 in Dodging
 21097 | Lair:5   | Found a staircase to the Slime Pits.
 21352 | Lair:5   | Found the +3 crown of Dyrovepreva {rElec Int+2 SInv}
 21614 | Lair:6   | Entered Level 6 of the Lair of Beasts
 21879 | Lair:6   | Upgraded the game from 0.27-a0-1184-ge86db4a01e to
                  | 0.27-a0-1186-g8b4daa1eef
 22461 | Lair:6   | Reached skill level 10 in Fighting
 22638 | Lair:6   | Found a burning altar of Makhleb.
 22659 | Lair:6   | Reached skill level 9 in Invocations
 22842 | Lair:6   | Reached XP level 15. HP: 87/115 MP: 17/22
 22941 | Lair:6   | Found a gateway to Hell.
 22948 | Lair:6   | Identified the +4 falchion "Fesimim" {freeze, rPois rF+++
                  | Stlth-}
 23004 | Lair:6   | Reached skill level 10 in Invocations
 23592 | Lair:6   | Reached skill level 11 in Invocations
 23625 | Lair:6   | Identified the +5 steam dragon scales of the Morning Star
                  | {rPois rC+ Slay-5 SInv}
 23674 | Lair:6   | Learned a level 4 spell: Hailstorm
 24059 | Orc:1    | Entered Level 1 of the Orcish Mines
 24069 | Orc:1    | Found a transporter.
 24206 | Orc:1    | Found a transporter.
 24217 | Orc:1    | Found a bloodstained altar of Trog.
 24217 | Orc:1    | Noticed bmj180's ghost (journeyman DrCj)
 24217 | Orc:1    | Reached ***** piety under the Shining One
 24656 | D:9      | Noticed Psyche
 24679 | D:9      | Killed Psyche
 24983 | Orc:1    | Reached skill level 12 in Invocations
 25173 | Orc:1    | Noticed an orc warlord
 25213 | Orc:1    | Killed an orc warlord
 25458 | Orc:2    | Entered Level 2 of the Orcish Mines
 25458 | Orc:2    | Noticed Erolcha
 25459 | Orc:2    | Cast into level 2 of the Abyss (Erolcha)
 25460 | Abyss:2  | Found a corrupted altar of Lugonu.
 25544 | Abyss:2  | Noticed a tentacled starspawn
 25562 | Abyss:2  | Killed a tentacled starspawn
 25727 | Abyss:2  | Reached skill level 1 in Polearms
 25847 | Orc:2    | Escaped the Abyss
 26089 | Orc:2    | Found a staircase to the Elven Halls.
 26124 | Orc:2    | Killed Erolcha
 26184 | Orc:2    | Reached skill level 5 in Polearms
 26209 | Orc:2    | Found a flickering gateway to a bazaar.
 26215 | Bazaar   | Entered a bazaar
 26455 | Bazaar   | Found Bienunas's Weapon Emporium.
 26481 | Bazaar   | Found Fase's Weapon Shoppe.
 26485 | Bazaar   | Found Vuicw's Jewellery Shop.
 26487 | Bazaar   | Found Toitot's Book Shop.
 26499 | Bazaar   | Bought a book of Power for 495 gold pieces
 26505 | Bazaar   | Found Zoomam's Magic Scroll Boutique.
 26513 | Bazaar   | Bought a scroll of enchant weapon for 97 gold pieces
 26513 | Bazaar   | Bought a scroll of enchant armour for 97 gold pieces
 26513 | Bazaar   | Bought a scroll of magic mapping for 45 gold pieces
 26513 | Bazaar   | Bought a scroll of magic mapping for 45 gold pieces
 26513 | Bazaar   | Bought a scroll of magic mapping for 45 gold pieces
 26513 | Bazaar   | Bought a scroll of fear for 45 gold pieces
 26515 | Bazaar   | Bought a scroll of identify for 26 gold pieces
 26527 | Bazaar   | Bought the ring "Boicum" {rPois rF+ Will+} for 668 gold
                  | pieces
 27040 | Orc:2    | Reached XP level 16. HP: 122/122 MP: 25/25
 27106 | Orc:2    | Noticed Saint Roka
 27146 | Orc:2    | Slain by an orc warrior

Illustrated notes

Levels and vault maps discovered:
D:1:      dpeg_arrival_shrine, layout_basic, minmay_misc_feat_enclosed,
          minivault_5
D:2:      layout_loops_ring, shapermc_ecumenical_altar_totnotflames,
          chequers_serial_rivers_micro_a
D:3:      layout_basic, uniq_ijyb
D:4:      layout_rooms
D:5:      corexii_shantytown, layout_cave_pools, grunt_temple_overflow_open,
          temple_hall
D:6:      kennysheep_windowed_halls, layout_loops_ring, minmay_alternating_orb,
          uniq_maggie
D:7:      layout_loops_ring, uniq_crazy_yiuf_cottage
D:8:      layout_cave_pools, ashenzari_conservatory_becter
D:9:      layout_long_grid, erik_lair_orcish_takeover, orc_0_dummy, special_room
          [special_room_bee], uniq_psyche
Temple:   hc_temple_tempest_star
Lair:1:   beast_lair_carwin_large_3, layout_misc_corridors, uniq_urug,
          uniq_gastronok
Lair:2:   lemuel_ratsnest, layout_cave_pods, gammafunk_ghost_cemetery,
          grunt_megastairs_4
Lair:3:   layout_small_grid, nicolae_swamp_entry_splash_gauntlet,
          spider_nest_entry_rubble, serial_rivers,
          chequers_serial_rivers_large_b, chequers_serial_rivers_room_a,
          chequers_serial_rivers_micro_c, chequers_serial_rivers_small_3,
          chequers_serial_rivers_room_b, serial_bayou_shore_b
Lair:4:   layout_loops_ring, minmay_lair_oklob_chamber, lemuel_fruit_fields
Lair:5:   layout_gridlike, minmay_slime_entry_jelly_boxes,
          portal_ice_cave_demonic_guard, chequers_serial_rivers_room_a
Lair:6:   evil_forest, layout_regular_city, minmay_lindwurm_lava
Orc:1:    layout_caves, gammafunk_ghost_wrathful_warriors, elves_outpost_lemuel
Orc:2:    st_orc_rangers, layout_caves, serial_shops, bzr_entry_safe,
          uniq_erolcha, uniq_saint_roka

Skill      XL: |  1  2  3  4  5  6  7  8  9 10 11 12 13 14 15 |
---------------+----------------------------------------------+-----
Fighting       | 5 6 7 10 | 10.1
Armour         | 4 6 8 |  8.0
Dodging        | 2 3 7 |  7.0
Shields        | 2 4 |  4.0
Spellcasting   | 2 |  2.0
Conjurations   | 2 6 10 11 | 11.1
Maces & Flails | 1 5 6 |  6.0
Staves         | 2 10 11 | 11.4
Invocations    | 5 8 9 12 | 12.2
Evocations     | 5 10 | 10.0
Polearms       | 5 |  5.7
Bows           | |  1.0
Throwing       | |  1.0

Action                   |  1- 3 |  4- 6 |  7- 9 | 10-12 | 13-15 | 16-18 || total
-------------------------+-------+-------+-------+-------+-------+-------++-------
Melee: Short sword       |    75 |   131 |     6 |       |       |       ||   212
       Dagger            |       |       |   228 |     4 |       |       ||   232
       Whip              |       |       |   203 |    31 |       |       ||   234
       Flail             |       |       |       |   346 |   664 |     4 ||  1014
       Staff             |       |       |       |       |    85 |       ||    85
       Unarmed           |       |       |       |       |    16 |       ||    16
 Fire: Shortbow          |    35 |       |       |       |       |       ||    35
Throw: Boomerang         |       |       |     1 |       |       |       ||     1
       Throwing net      |       |       |       |     2 |     5 |       ||     7
       Dart              |       |       |       |     2 |       |       ||     2
 Cast: Searing Ray       |       |       |       |    43 |   107 |     3 ||   153
       Iskenderun's Myst |       |       |       |       |    16 |     2 ||    18
Invok: Divine Shield     |       |       |       |     3 |    29 |     1 ||    33
       Cleansing Flame   |       |       |       |       |     7 |       ||     7
Evoke: Wand              |       |    12 |    11 |    29 |    41 |     4 ||    97
       Piece from Xom's  |       |       |       |       |     4 |       ||     4
  Use: Scroll            |     7 |     1 |     4 |    12 |    12 |     1 ||    37
       Potion            |       |     2 |     6 |     6 |    16 |       ||    30
Armor: Scale mail        |    55 |    77 |   148 |       |       |       ||   280
       Acid dragon scale |       |       |    26 |   194 |   305 |    13 ||   538
       Skin              |       |       |       |       |     6 |       ||     6
Dodge: Dodged            |    46 |    66 |   171 |   244 |   417 |    22 ||   966
Block: Buckler           |       |       |    80 |   125 |   369 |    13 ||   587
       Other             |       |       |       |       |     1 |       ||     1

Table legend: (Time is in decaauts)
 A = Elapsed time spent in this place.
 B = Non-inter-level travel time spent in this place.
 C = Inter-level travel time spent in this place.
 D = Time resting spent in this place.
 E = Time spent auto-exploring this place.
 F = Levels seen in this place.
 G = Mean time per level.
                   A        B        C        D        E       F      G
               +--------+--------+--------+--------+--------+-----+--------+
         Total |  27111 |  26327 |    784 |   7070 |  13601 |  20 | 1355.6 |
       Dungeon |  12908 |  12442 |    466 |   4041 |   6126 |   9 | 1434.2 |
        Temple |    232 |    212 |     20 |      0 |    186 |   1 |  232.0 |
          Lair |  11295 |  11022 |    273 |   2693 |   6187 |   6 | 1882.5 |
  Orcish Mines |   1945 |   1921 |     24 |    301 |    808 |   2 |  972.5 |
         Abyss |    387 |    387 |      0 |     34 |      2 |   1 |  387.0 |
        Bazaar |    342 |    342 |      0 |      0 |    292 |   1 |  342.0 |
               +--------+--------+--------+--------+--------+-----+--------+

Top non-repeatable levels by time:
     D:6: 3183 daAuts
  Lair:2: 2672 daAuts
  Lair:6: 2311 daAuts
     D:9: 2235 daAuts
  Lair:5: 1741 daAuts
  Lair:4: 1691 daAuts
  Lair:3: 1658 daAuts
     D:5: 1322 daAuts
     D:4: 1313 daAuts
  Lair:1: 1221 daAuts
     D:7: 1179 daAuts
     D:3: 1076 daAuts
     D:2: 1050 daAuts
   Orc:1: 1026 daAuts
   Orc:2: 918 daAuts
